Unix NetHack Version 5.0.0-0 post-release - last build May 23 2026 06:08:33 (1c0ff79ee797540d5714e4e18072db0edd9e58ae,branch:main).

Game began 2026-05-24 13:28:48, ended 2026-05-24 13:46:26.

Atomicjoy, chaotic male elven Wizard

         --------------                                    ----------
         |............|                                  ##.........|
         |............|                                  # |...<....|
         |............|                                  # |........|
         |............|########################         ## -|--------
         |............|#                      #        ##   #
         --.---|-------#                      #       ##    ##
           #   #########                      #    ####      #
           #                                  #    #         #####
           #                                  #######       #### #
           #                                                  -|-
           @                                                  |...|
 ----------d----                                              |...|
 |.............|                              ################.>.^|
 |.........d....                              #               |...|
 |.........!...|                              #               |...|
 ---------------                 ##############                 ---

Atomicjoy the Conjurer    St:9 Dx:16 Co:14 In:18 Wi:8 Ch:12  Chaotic
Dlvl:5  $:291 HP:0(32) Pw:4(29) AC:4  Xp:3/40 T:1783  Burdened

Latest messages:
 You already found a monster.  Use 'm' prefix to force another search.
 You already found a monster.  Use 'm' prefix to force another search.
 You already found a monster.  Use 'm' prefix to force another search.
 You already found a monster.  Use 'm' prefix to force another search.
 You already found a monster.  Use 'm' prefix to force another search.
 You already found a monster.  Use 'm' prefix to force another search.
 You already found a monster.  Use 'm' prefix to force another search.
 You already found a monster.  Use 'm' prefix to force another search.
 You already found a monster.  Use 'm' prefix to force another search.
 You already found a monster.  Use 'm' prefix to force another search.
 You already found a monster.  Use 'm' prefix to force another search.
 In what direction? 4
 You kick jspeed's ghost.
 You hear bubbling water.
 Please move the cursor to a monster, object or location.
 (For instructions type a '?')
 Unknown direction: '[' (aborted).
 Done.
 Please move the cursor to a monster, object or location.
 (For instructions type a '?')
 Done.
 You kill the lichen!
 You see here a scroll labeled KIRJE.
 You have a little trouble lifting S - a scroll labeled KIRJE.
 In what direction? 4
 You kill the floating eye!
 You hear a wolf howling at the moon.
 You hear bubbling water.
 You hear a wolf howling at the moon.
 The iguana bites!
 You kill the iguana!
 Welcome to experience level 3.
 The wolf bites!
 In what direction? 6
 The magic missile hits the wolf!
 The magic missile hits the wolf!
 The magic missile bounces!
 The wolf bites!
 The wolf bites!
 The wolf bites!
 The wolf bites!
 In what direction? 2
 The magic missile hits the wolf!
 The magic missile hits the wolf!
 The wolf bites!
 You miss the wolf.
 The wolf bites!
 The wolf bites!
 You die...
 Do you want your possessions identified? [ynq] (y) q

Inventory:
 Coins    ('$')
  $ - 291 gold pieces
 Weapons  (')')
  u - 2 +0 orcish daggers
  a - a blessed +1 quarterstaff (weapon in hands)
 Armor    ('[')
  D - an uncursed +0 elven leather helm (being worn)
  J - an uncursed +0 orcish helm
  F - an uncursed +0 pair of low boots (being worn)
  G - an uncursed +0 cloak of invisibility
  b - an uncursed +0 cloak of magic resistance (being worn)
  C - an uncursed +0 studded leather armor (being worn)
 Comestibles  ('%')
  A - an uncursed cram ration
  P - 2 uncursed food rations
  z - an uncursed egg
 Scrolls  ('?')
  S - an uncursed scroll of enchant armor
  s - an uncursed scroll of light
  k - an uncursed scroll of magic mapping
  j - an uncursed scroll of remove curse
  i - an uncursed scroll of scare monster
  Q - 2 uncursed scrolls of teleportation
 Spellbooks  ('+')
  R - an uncursed spellbook of cancellation
 Potions  ('!')
  g - an uncursed potion of extra healing
  O - a blessed potion of healing
  h - 2 uncursed potions of healing
  H - an uncursed potion of restore ability
  N - an uncursed potion of see invisible
  f - an uncursed potion of sickness
  q - a cursed potion of speed
 Rings    ('=')
  d - an uncursed ring of free action
  e - an uncursed ring of polymorph
  M - an uncursed ring of regeneration
 Wands    ('/')
  t - a wand of light (0:10)
  c - a wand of probing (0:8)
 Tools    ('(')
  o - an uncursed leather drum
  n - a magic marker (0:22)
 Gems/Stones  ('*')
  B - an uncursed worthless piece of black glass
  r - 2 uncursed worthless pieces of yellow glass
  K - an uncursed worthless piece of yellowish brown glass

Atomicjoy the Wizard's attributes:

Background:
 You were a Conjurer, a level 3 male elven Wizard.
 You were chaotic, on a mission for Anhur
 who was opposed by Ptah (lawful) and Thoth (neutral).
 You were right-handed.
 You were in the Dungeons of Doom, on level 5.
 You entered the dungeon 1783 turns ago.
 You had 40 experience points, 40 more were needed to attain level 4.

Basics:
 You had 0 out of 32 hit points.
 You had 4 out of 29 energy points (spell power).
 Your armor class was 4.
 Your wallet contained 291 zorkmids.
 Autopickup was off.

Final Characteristics:
 Your strength was 9 (limit:18).
 Your dexterity was 16 (limit:18).
 Your constitution was 14 (limit:16).
 Your intelligence was 18 (limit:20).
 Your wisdom was 8 (limit:20).
 Your charisma was 12 (limit:18).

Final Status:
 You weren't hungry.
 You were burdened; movement was slightly slowed.
 You were wielding a quarterstaff.
 You had basic skill with quarterstaff.

Final Attributes:
 You were devoutly aligned.
 You were magic-protected.
 You had infravision.
 You were warded.
 You are dead.

Miscellaneous:
 You encountered 1 bones level.
 Total elapsed playing time was 17 minutes and 37 seconds.

Major events:
 Turn
    1: Atomicjoy the chaotic male elven Wizard entered the dungeon
  319: entered the Gnomish Mines
 1772: attained the rank of Conjurer (level 3)
 1783: killed by a wolf

Spells:
 Name                 Level Category     Fail Retention
 force bolt             1   attack         0%  91%-100%
 knock                  1   matter         0%  76%-100%
 healing                1   healing        0%  76%-100%
 magic missile          2   attack         0%  91%-100%
 cancellation           7   matter        98%  76%-100%

Skills:
 Fighting Skills
   bare handed combat [Unskilled]
   riding             [Unskilled]
 Weapon Skills
   dagger             [Unskilled]
   knife              [Unskilled]
   axe                [Unskilled]
   short sword        [Unskilled]
   club               [Unskilled]
   mace               [Unskilled]
   quarterstaff       [Basic]
   polearms           [Unskilled]
   spear              [Unskilled]
   trident            [Unskilled]
   sling              [Unskilled]
   dart               [Unskilled]
   shuriken           [Unskilled]
 Spellcasting Skills
   attack spells      [Basic]
   healing spells     [Unskilled]
   divination spells  [Unskilled]
   enchantment spells [Basic]
   clerical spells    [Unskilled]
   escape spells      [Unskilled]
   matter spells      [Unskilled]

Voluntary challenges:
 Character rerolling was not enabled.
 You never genocided any monsters.
 You never polymorphed an object.
 You never changed form.
 You used no wishes.
Achievements:
 You entered the Gnomish Mines.
 You entered a shop.
 You attained the rank of Conjurer.

 The Dungeons of Doom: levels 1 to 6
    Level 1:
       A fountain.
    Level 2:
       A general store, an altar, some fountains.
       Stairs down to The Gnomish Mines.
    Level 3:
       An armor shop, an altar, a sink.
    Level 4:
    Level 5: <- You were here.
       A grave.
       Final resting place for
          you, killed by a wolf,
          jspeed-Wiz-Hum-Mal-Neu, killed by a werewolf.
    Level 6:
 The Gnomish Mines:
    Level 3:


Vanquished creatures:
  a floating eye
  a homunculus
 an iguana
 an acid blob
  3 coyotes
  a large kobold
  a red mold
  a gecko
  2 jackals
  a kobold
  2 goblins
  a sewer rat
  5 grid bugs
  4 lichens
  a kobold zombie
  6 newts
32 creatures vanquished.

No species were genocided or became extinct.

Game over:
                       ----------
                      /          \
                     /    REST    \
                    /      IN      \
                   /     PEACE      \
                  /                  \
                  |    Atomicjoy     |
                  |      291 Au      |
                  | killed by a wolf |
                  |                  |
                  |                  |
                  |                  |
                  |       2026       |
                 *|     *  *  *      | *
        _________)/\\_//(\/(/\)/\//\/|_)_______

Goodbye Atomicjoy the Wizard...

You died in The Dungeons of Doom on dungeon level 5 with 682 points,
and 291 pieces of gold, after 1783 moves.
You were level 3 with a maximum of 32 hit points when you died.

